Edmonton Oilers vs Minnesota North Stars

Created - Wednesday, February 11, 2026 at 07:34

Goals
1 2 3 OT1 SO T
Edmonton Oilers 2 0 1 0 0 3
Minnesota North Stars 0 1 2 0 1 4
Shots
1 2 3 OT1 SO T
Edmonton Oilers 11 8 7 0 3 26
Minnesota North Stars 15 7 14 2 3 38

1st period

1. Edmonton Oilers , Tanner Jeannot 1 (Derek Ryan 4, Karel Vejmelka) at 12:02
2. Edmonton Oilers , Jake DeBrusk 9 (Brock Boeser 14, David Savard 7) at 14:29

Penalties :
No Penalty

2nd period

3. Minnesota North Stars , Brock Nelson 5 (William Karlsson 8, Kent Johnson 3) at 16:26 (SH)

Penalties :
Troy Stecher (EDM) for Roughing (Minor) at 5:49, Jack Hughes (MNS) for Boarding (Minor) at 13:43, Frank Vatrano (MNS) for Delaying the game (Minor) at 15:15, David Savard (EDM) for Roughing (Minor) at 17:14

3rd period

4. Minnesota North Stars , Lawson Crouse 1 (Matt Roy 4, Ivan Barbashev 5) at 3:03
5. Minnesota North Stars , Lawson Crouse 2 (Gustav Forsling 5, Logan Thompson) at 15:42
6. Edmonton Oilers , Boone Jenner 5 (Scott Mayfield 3, Dylan Holloway 9) at 17:34

Penalties :
Jack Hughes (MNS) for Roughing (Minor) at 6:03, Niko Mikkola (MNS) for Slashing (Minor) at 18:49

Overtime #1

No Goal

Penalties :
No Penalty

Shootout

Edmonton Oilers, Boone Jenner - Stopped by Logan Thompson
Minnesota North Stars, Kent Johnson - Stopped by Karel Vejmelka
Edmonton Oilers, Kirill Marchenko - Stopped by Logan Thompson
Minnesota North Stars, Brock Nelson - Shot Misses the Net
Edmonton Oilers, Brock Boeser - Stopped by Logan Thompson
Minnesota North Stars, Valeri Nichushkin - Goal!

Penalties :
No Penalty

Goalie Stats

Karel Vejmelka (EDM), 35 saves from 38 shots - (0.921), OTL, 8-3-2, 65:00 minutes
Logan Thompson (MNS), 23 saves from 26 shots - (0.885), W, 7-5-2, 65:00 minutes

Players Stats for Edmonton Oilers

Player Name              G  A  P  +/- PIM S  H  SB GA TA FO     MP     PP MP  PK MP  
------------------------------------------------------------------------------------
Adrian Kempe             0  0  0  -1  0   2  2  0  1  0  1/2    18:57   3:28   0:00 
Boone Jenner             1  0  1   2  0   3  2  0  1  0  3/8    14:18   0:00   0:00 
Brandon Carlo            0  0  0  -1  0   0  2  2  0  0  0/0    24:27   3:07   1:36 
Brock Boeser             0  1  1   0  0   0  2  1  0  1  2/3    20:32   3:12   1:45 
Connor McMichael         0  0  0   0  0   1  3  0  0  0  8/20   16:44   3:12   0:00 
David Savard             0  1  1   1  2   1  0  2  0  0  0/0    24:23   3:32   1:17 
Dawson Mercer            0  0  0   2  0   0  1  0  0  0  0/1    14:02   0:00   0:00 
Derek Ryan               0  1  1  -1  0   0  1  0  0  0  0/0     8:38   0:00   0:00 
Dylan Holloway           0  1  1   2  0   1  0  1  0  0  1/2    14:14   0:00   0:00 
Evan Bouchard            0  0  0   1  0   0  0  0  0  2  0/0    25:29   3:33   2:22 
Jacob Trouba             0  0  0  -1  0   1  2  2  0  2  0/0    25:02   3:07   1:36 
Jake DeBrusk             1  0  1   0  0   6  2  0  0  2  0/1    18:29   3:12   1:45 
Kirill Marchenko         0  0  0  -1  0   5  2  1  0  0  0/0    21:29   3:28   2:13 
Morgan Barron            0  0  0  -1  0   0  0  1  0  0  0/2     8:38   0:00   0:00 
Ryan McLeod              0  0  0  -1  0   1  0  0  0  0  14/25  21:16   3:28   2:13 
Scott Mayfield           0  1  1   0  0   1  0  0  0  0  0/0    15:34   0:00   1:05 
Tanner Jeannot           1  0  1  -1  0   4  1  0  1  1  0/0     8:38   0:00   0:00 
Troy Stecher             0  0  0   0  2   0  0  2  0  0  0/0    15:10   0:00   0:00 

Players Stats for Minnesota North Stars

Player Name              G  A  P  +/- PIM S  H  SB GA TA FO     MP     PP MP  PK MP  
------------------------------------------------------------------------------------
Brock Nelson             1  0  1   0  0   3  0  0  0  0  15/26  20:10   2:01   2:43 
Erik Cernak              0  0  0   1  0   1  0  3  0  0  0/0    21:43   0:00   3:59 
Frank Vatrano            0  0  0  -1  2   1  2  0  0  0  0/0    16:21   0:00   2:23 
Gustav Forsling          0  1  1   1  0   2  1  3  1  1  0/0    24:01   1:59   4:29 
Ivan Barbashev           0  1  1   1  0   3  2  0  0  0  0/0     8:31   0:00   0:00 
Jack Hughes              0  0  0  -1  4   5  3  0  0  0  0/0    17:55   1:57   0:17 
Jonathan Marchessault    0  0  0  -1  0   2  0  2  0  0  0/1    17:36   1:57   0:00 
Kent Johnson             0  1  1   0  0   1  1  0  1  0  0/1    16:17   2:01   0:49 
Lawson Crouse            2  0  2   1  0   3  1  0  0  0  0/0     8:43   0:00   0:12 
Matt Roy                 0  1  1  -1  0   2  1  1  0  1  0/0    19:54   1:59   0:00 
Michael Rasmussen        0  0  0   2  0   5  0  1  0  0  2/5    11:40   0:00   2:43 
Neal Pionk               0  0  0   0  0   0  2  1  0  0  0/0    23:37   1:59   3:30 
Niko Mikkola             0  0  0   0  2   0  2  0  0  0  0/0    20:21   0:00   2:59 
Rasmus Dahlin            0  0  0  -1  0   0  3  2  1  0  0/0    20:26   1:59   0:01 
Ryan Nugent-Hopkins      0  0  0   0  0   1  0  0  0  0  4/7    15:51   0:00   0:55 
Valeri Nichushkin        0  0  0   0  0   3  0  0  2  0  0/0    15:12   2:01   0:00 
William Eklund           0  0  0  -1  0   2  1  0  2  0  0/1    13:27   0:00   0:00 
William Karlsson         0  1  1  -1  0   4  0  0  1  1  14/23  20:15   1:57   3:39 

3 Stars

1 - Lawson Crouse (MNS)
2 - Boone Jenner (EDM)
3 - Jake DeBrusk (EDM)

Power Play

Edmonton Oilers - 0 on 4 Attempt(s) - 0.00%
Minnesota North Stars - 0 on 2 Attempt(s) - 0.00%

Penalty Kill

Edmonton Oilers - 2 on 2 Attempt(s) - 100.00% - Score 0 goal in Penalty Kill
Minnesota North Stars - 4 on 4 Attempt(s) - 100.00% - Score 1 goal in Penalty Kill

Team Stat

Edmonton Oilers - Hits : 20 - Faceoff Wins : 29 - Blocked Shots : 12 - Penalty Minutes : 4
Minnesota North Stars - Hits : 19 - Faceoff Wins : 35 - Blocked Shots : 13 - Penalty Minutes : 8

Official

Referees : Tj Luxmore and Trevor Hanson
Linesman : Dan Kelly and Caleb Apperson

Game Notes

No Game Note

Finance

Level 1 -- Attendance: 5094 (84.90%) -- Ticket Income $478,836
Level 2 -- Attendance: 4433 (88.66%) -- Ticket Income $248,248
Level 3 -- Attendance: 2831 (94.37%) -- Ticket Income $90,592
Level 4 -- Attendance: 4293 (85.86%) -- Ticket Income $94,446
Luxury Box -- Attendance: 953 (95.30%) -- Ticket Income $183,929
Game was played at the Met Center.
Total Attendance: 17604 (88.02%)
Total Ticket Income: $1,096,051
Other Income: $383,618
Total Income: $1,479,669

Edmonton Oilers

5 vs 5 Forward 
   Center                   Left Wing                Right Wing               Time % Phy DF OF 
 1 Ryan McLeod              Adrian Kempe             Kirill Marchenko         30     1   2  2  
 2 Connor McMichael         Jake DeBrusk             Brock Boeser             30     1   2  2  
 3 Boone Jenner             Dylan Holloway           Dawson Mercer            25     1   2  2  
 4 Morgan Barron            Tanner Jeannot           Derek Ryan               15     1   2  2  

5 vs 5 Defense 
   Defense                  Defense                                           Time % Phy DF OF 
 1 Jacob Trouba             Brandon Carlo                                     35     1   2  2  
 2 David Savard             Evan Bouchard                                     35     1   2  2  
 3 Troy Stecher             Scott Mayfield                                    30     1   2  2  
 4 Troy Stecher             Jacob Trouba                                      0      1   2  2  

PowerPlay Forward 
   Center                   Left Wing                Right Wing               Time % Phy DF OF 
 1 Ryan McLeod              Adrian Kempe             Kirill Marchenko         50     1   2  2  
 2 Connor McMichael         Jake DeBrusk             Brock Boeser             50     1   2  2  

PowerPlay Defense
   Defense                  Defense                                           Time % Phy DF OF 
 1 Jacob Trouba             Brandon Carlo                                     50     1   2  2  
 2 David Savard             Evan Bouchard                                     50     1   2  2  

Penalty Kill 4 Players Forward 
   Center                   Wing                     Time % Phy DF OF 
 1 Ryan McLeod              Kirill Marchenko         50     1   2  2  
 2 Brock Boeser             Jake DeBrusk             50     1   2  2  

Penalty Kill 4 Players Defense
   Defense                  Defense                  Time % Phy DF OF 
 1 Jacob Trouba             Brandon Carlo            50     1   2  2  
 2 David Savard             Evan Bouchard            50     1   2  2  

Penalty Kill - 3 Players Forward 
   Forward                                           Time % Phy DF OF 
 1 Brock Boeser                                      50     1   2  2  
 2 Kirill Marchenko                                  50     1   2  2  

Penalty Kill - 3 Players Defense
   Defense                  Defense                  Time % Phy DF OF 
 1 Jacob Trouba             Brandon Carlo            50     1   2  2  
 2 David Savard             Evan Bouchard            50     1   2  2  

4 vs 4 Forward 
   Center                   Wing                     Time % Phy DF OF 
 1 Ryan McLeod              Kirill Marchenko         50     1   2  2  
 2 Brock Boeser             Adrian Kempe             50     1   2  2  

4 vs 4 Defense
   Defense                  Defense                  Time % Phy DF OF 
 1 Jacob Trouba             Brandon Carlo            50     1   2  2  
 2 David Savard             Evan Bouchard            50     1   2  2  

Last Minutes Offensive
   Center                   Left Wing                Right Wing               Defense                  Defense                  
   Ryan McLeod              Adrian Kempe             Kirill Marchenko         Jacob Trouba             Brandon Carlo            

Last Minutes Defensive
   Center                   Left Wing                Right Wing               Defense                  Defense                  
   Ryan McLeod              Adrian Kempe             Kirill Marchenko         Jacob Trouba             Brandon Carlo            

Goaltenders
Starting : Karel Vejmelka           
Backup : Juuse Saros              

Extra Forwards
Normal : Dylan Holloway, Boone Jenner, Dawson Mercer - PP : Dylan Holloway, Boone Jenner - PK : Dawson Mercer
Extra Defensemen
Normal : Jacob Trouba, Scott Mayfield, Troy Stecher - PP : Jacob Trouba - PK : Scott Mayfield, Troy Stecher
Penalty Shots
Boone Jenner, Kirill Marchenko, Brock Boeser, Jake DeBrusk, Ryan McLeod

Scratches
Luke Hughes (Healthy), Brett Pesce (Healthy), Xavier Bourgault (Healthy), Jonathan Quick (Healthy)

Minnesota North Stars

5 vs 5 Forward 
   Center                   Left Wing                Right Wing               Time % Phy DF OF 
 1 Brock Nelson             Jack Hughes              William Eklund           30     0   1  4  
 2 Ryan Nugent-Hopkins      Valeri Nichushkin        Kent Johnson             30     0   1  4  
 3 William Karlsson         Frank Vatrano            Jonathan Marchessault    30     0   1  4  
 4 Michael Rasmussen        Ivan Barbashev           Lawson Crouse            10     0   4  1  

5 vs 5 Defense 
   Defense                  Defense                                           Time % Phy DF OF 
 1 Matt Roy                 Rasmus Dahlin                                     34     0   3  2  
 2 Gustav Forsling          Neal Pionk                                        34     0   3  2  
 3 Erik Cernak              Niko Mikkola                                      32     0   4  1  
 4 Matt Roy                 Rasmus Dahlin                                     0      1   2  2  

PowerPlay Forward 
   Center                   Left Wing                Right Wing               Time % Phy DF OF 
 1 Brock Nelson             Valeri Nichushkin        Kent Johnson             50     0   0  5  
 2 William Karlsson         Jack Hughes              Jonathan Marchessault    50     0   0  5  

PowerPlay Defense
   Defense                  Defense                                           Time % Phy DF OF 
 1 Matt Roy                 Rasmus Dahlin                                     50     0   2  3  
 2 Gustav Forsling          Neal Pionk                                        50     0   2  3  

Penalty Kill 4 Players Forward 
   Center                   Wing                     Time % Phy DF OF 
 1 Brock Nelson             Michael Rasmussen        50     0   5  0  
 2 William Karlsson         Frank Vatrano            50     0   5  0  

Penalty Kill 4 Players Defense
   Defense                  Defense                  Time % Phy DF OF 
 1 Gustav Forsling          Erik Cernak              50     0   5  0  
 2 Niko Mikkola             Neal Pionk               50     0   5  0  

Penalty Kill - 3 Players Forward 
   Forward                                           Time % Phy DF OF 
 1 Ryan Nugent-Hopkins                               50     0   5  0  
 2 William Karlsson                                  50     0   5  0  

Penalty Kill - 3 Players Defense
   Defense                  Defense                  Time % Phy DF OF 
 1 Gustav Forsling          Erik Cernak              50     0   5  0  
 2 Niko Mikkola             Neal Pionk               50     0   5  0  

4 vs 4 Forward 
   Center                   Wing                     Time % Phy DF OF 
 1 Brock Nelson             Jack Hughes              50     0   2  3  
 2 Ryan Nugent-Hopkins      Jonathan Marchessault    50     0   2  3  

4 vs 4 Defense
   Defense                  Defense                  Time % Phy DF OF 
 1 Matt Roy                 Rasmus Dahlin            50     0   3  2  
 2 Gustav Forsling          Neal Pionk               50     0   3  2  

Last Minutes Offensive
   Center                   Left Wing                Right Wing               Defense                  Defense                  
   Brock Nelson             Jack Hughes              Valeri Nichushkin        Matt Roy                 Rasmus Dahlin            

Last Minutes Defensive
   Center                   Left Wing                Right Wing               Defense                  Defense                  
   William Karlsson         Michael Rasmussen        Ryan Nugent-Hopkins      Matt Roy                 Erik Cernak              

Goaltenders
Starting : Logan Thompson           
Backup : Brandon Bussi            

Extra Forwards
Normal : William Karlsson, Jonathan Marchessault, Michael Rasmussen - PP : William Karlsson, Jonathan Marchessault - PK : William Karlsson
Extra Defensemen
Normal : Erik Cernak, Niko Mikkola, Gustav Forsling - PP : Erik Cernak - PK : Niko Mikkola, Gustav Forsling
Penalty Shots
Kent Johnson, Brock Nelson, Valeri Nichushkin, Ryan Nugent-Hopkins, William Eklund

Scratches
Dylan DeMelo (Healthy), Charlie Lindgren (Healthy)

% Time on Ice - Edmonton Oilers

Lines # - Real PCT - Wanted PCT - Time Play
Normal Forward
1 - 27% - 30% - 13:33
2 - 27% - 30% - 13:32
3 - 28% - 25% - 13:39
4 - 17% - 15% - 8:38
Normal Defense
1 - 35% - 35% - 17:15
2 - 35% - 35% - 17:19
3 - 29% - 30% - 14:13
4 - 1% - 0% - 0:35
PP Forward
1 - 52% - 50% - 3:28
2 - 48% - 50% - 3:12
PP Defense
1 - 47% - 50% - 3:07
2 - 53% - 50% - 3:33
PK Forward
1 - 56% - 50% - 2:13
2 - 44% - 50% - 1:45
PK Defense
1 - 40% - 50% - 1:36
2 - 60% - 50% - 2:22
PK3 Forward
1 - 0% - 50%
2 - 0% - 50%
PK3 Defense
1 - 0% - 50%
2 - 0% - 50%
44 Forward
1 - 52% - 50% - 2:36
2 - 48% - 50% - 2:24
44 Defense
1 - 50% - 50% - 2:29
2 - 50% - 50% - 2:31
Last Minute Offensive  - 0:00
Last Minute Defensive  - 0:00
Total
Forward - 65:00
Defense - 65:00

% Time on Ice - Minnesota North Stars

Lines # - Real PCT - Wanted PCT - Time Play
Normal Forward
1 - 28% - 30% - 13:35
2 - 27% - 30% - 13:18
3 - 28% - 30% - 13:58
4 - 17% - 10% - 8:31
Normal Defense
1 - 32% - 34% - 15:52
2 - 33% - 34% - 16:23
3 - 34% - 32% - 16:45
4 - 1% - 0% - 0:22
PP Forward
1 - 51% - 50% - 2:01
2 - 49% - 50% - 1:57
PP Defense
1 - 50% - 50% - 1:59
2 - 50% - 50% - 1:59
PK Forward
1 - 48% - 50% - 3:00
2 - 52% - 50% - 3:13
PK Defense
1 - 48% - 50% - 2:58
2 - 52% - 50% - 3:15
PK3 Forward
1 - 50% - 50% - 0:38
2 - 50% - 50% - 0:38
PK3 Defense
1 - 80% - 50% - 1:01
2 - 20% - 50% - 0:15
44 Forward
1 - 55% - 50% - 2:19
2 - 45% - 50% - 1:52
44 Defense
1 - 51% - 50% - 2:08
2 - 49% - 50% - 2:03
Last Minute Offensive  - 0:00
Last Minute Defensive  - 0:00
Total
Forward - 65:00
Defense - 65:00

Play-by-Play

1st period


0:01 of 1st period - Brock Nelson wins face-off versus Ryan McLeod in neutral zone.
0:08 of 1st period - Wrist shot by Kirill Marchenko.
0:08 of 1st period - Shot Misses the Net.
0:10 of 1st period - Slapshot by Jacob Trouba.
0:10 of 1st period - Stopped by Logan Thompson with a rebound.
0:12 of 1st period - Slapshot by Jacob Trouba.
0:12 of 1st period - Deflect By Adrian Kempe.
0:12 of 1st period - Stopped by Logan Thompson without a rebound.
0:13 of 1st period - Connor McMichael wins face-off versus Ryan Nugent-Hopkins in Minnesota North Stars zone.
0:40 of 1st period - Gustav Forsling is hit by Tanner Jeannot and loses puck.
1:01 of 1st period - Snap shot by Boone Jenner.
1:01 of 1st period - Shot Misses the Net.
1:03 of 1st period - Slapshot by Scott Mayfield.
1:03 of 1st period - Stopped by Logan Thompson with a rebound.
1:42 of 1st period - Evan Bouchard is hit by Jack Hughes.
1:46 of 1st period - Brock Nelson is hit by Brock Boeser.
2:47 of 1st period - Off-side.
2:48 of 1st period - Ryan McLeod wins face-off versus Ryan Nugent-Hopkins in neutral zone.
3:01 of 1st period - Backhand shot by Adrian Kempe.
3:01 of 1st period - Shot Misses the Net.
3:05 of 1st period - Slapshot by Ryan McLeod.
3:05 of 1st period - Stopped by Logan Thompson without a rebound.
3:06 of 1st period - Brock Nelson wins face-off versus Connor McMichael in Minnesota North Stars zone.
3:19 of 1st period - Wrist shot by Jake DeBrusk.
3:19 of 1st period - Stopped by Logan Thompson with a rebound.
3:31 of 1st period - Jacob Trouba is hit by Frank Vatrano and loses puck.
6:01 of 1st period - Valeri Nichushkin is hit by Jacob Trouba and loses puck.
6:45 of 1st period - Wrist shot by Jonathan Marchessault.
6:45 of 1st period - Stopped by Karel Vejmelka without a rebound.
6:46 of 1st period - Boone Jenner wins face-off versus William Karlsson in Edmonton Oilers zone.
7:11 of 1st period - William Karlsson is hit by Boone Jenner and loses puck.
7:22 of 1st period - David Savard is hit by Rasmus Dahlin and loses puck.
7:48 of 1st period - Wrist shot by Dylan Holloway.
7:48 of 1st period - Stopped by Logan Thompson with a rebound.
8:33 of 1st period - Slapshot by Dawson Mercer.
8:33 of 1st period - Shot Blocked by Gustav Forsling.
8:39 of 1st period - Slapshot by Jonathan Marchessault.
8:39 of 1st period - Shot Misses the Net.
8:41 of 1st period - Slapshot by Gustav Forsling.
8:41 of 1st period - Stopped by Karel Vejmelka without a rebound.
8:42 of 1st period - Brock Nelson wins face-off versus Connor McMichael in Edmonton Oilers zone.
9:31 of 1st period - Snap shot by Tanner Jeannot.
9:31 of 1st period - Shot Blocked by Rasmus Dahlin.
10:11 of 1st period - Wrist shot by Kirill Marchenko.
10:11 of 1st period - Stopped by Logan Thompson without a rebound.
10:12 of 1st period - Brock Nelson wins face-off versus Morgan Barron in Minnesota North Stars zone.
10:39 of 1st period - Erik Cernak is hit by Connor McMichael and loses puck.
10:48 of 1st period - Snap shot by Valeri Nichushkin.
10:48 of 1st period - Stopped by Karel Vejmelka without a rebound.
10:49 of 1st period - Ryan McLeod wins face-off versus Michael Rasmussen in Edmonton Oilers zone.
11:25 of 1st period - Wrist shot by Kent Johnson.
11:25 of 1st period - Shot Blocked by Jacob Trouba.
11:50 of 1st period - Slapshot by Jack Hughes.
11:50 of 1st period - Shot Misses the Net.
12:02 of 1st period - Snap shot by Tanner Jeannot.
12:02 of 1st period - Goal by Tanner Jeannot - Edmonton Oilers : 1 - Minnesota North Stars : 0.
12:03 of 1st period - Connor McMichael wins face-off versus Brock Nelson in neutral zone.
12:28 of 1st period - Kirill Marchenko is hit by Frank Vatrano and loses puck.
12:55 of 1st period - Wrist shot by Valeri Nichushkin.
12:55 of 1st period - Deflect By Ryan Nugent-Hopkins.
12:55 of 1st period - Shot Misses the Net.
12:55 of 1st period - Puck is out of play.
12:56 of 1st period - Ryan Nugent-Hopkins wins face-off versus Connor McMichael in Edmonton Oilers zone.
13:03 of 1st period - Wrist shot by Valeri Nichushkin.
13:03 of 1st period - Shot Misses the Net.
13:05 of 1st period - Wrist shot by Erik Cernak.
13:05 of 1st period - Shot Misses the Net.
13:07 of 1st period - Wrist shot by Kent Johnson.
13:07 of 1st period - Stopped by Karel Vejmelka without a rebound.
13:08 of 1st period - Brock Nelson wins face-off versus Ryan McLeod in Edmonton Oilers zone.
13:13 of 1st period - Snap shot by Jack Hughes.
13:13 of 1st period - Shot Misses the Net.
13:15 of 1st period - Wrist shot by William Eklund.
13:15 of 1st period - Stopped by Karel Vejmelka with a rebound.
13:17 of 1st period - Snap shot by Erik Cernak.
13:17 of 1st period - Stopped by Karel Vejmelka with a rebound.
13:42 of 1st period - Niko Mikkola is hit by Adrian Kempe and loses puck.
13:50 of 1st period - Off-side.
13:51 of 1st period - Brock Nelson wins face-off versus Jake DeBrusk in neutral zone.
14:04 of 1st period - Wrist shot by Jack Hughes.
14:04 of 1st period - Stopped by Karel Vejmelka with a rebound.
14:06 of 1st period - Snap shot by Brock Nelson.
14:06 of 1st period - Shot Hit the Post.
14:18 of 1st period - Gustav Forsling is hit by Brock Boeser and loses puck.
14:29 of 1st period - Wrist shot by Jake DeBrusk.
14:29 of 1st period - Goal by Jake DeBrusk - Edmonton Oilers : 2 - Minnesota North Stars : 0.
14:30 of 1st period - William Karlsson wins face-off versus Ryan McLeod in neutral zone.
14:41 of 1st period - Snap shot by Jonathan Marchessault.
14:41 of 1st period - Shot Misses the Net.
14:45 of 1st period - Slapshot by Jonathan Marchessault.
14:45 of 1st period - Shot Misses the Net.
14:55 of 1st period - Rasmus Dahlin is hit by Jake DeBrusk and loses puck.
15:40 of 1st period - Slapshot by Ivan Barbashev.
15:40 of 1st period - Deflect By Derek Ryan.
15:40 of 1st period - Stopped by Karel Vejmelka with a rebound.
15:42 of 1st period - Slapshot by Rasmus Dahlin.
15:42 of 1st period - Shot Blocked by Morgan Barron.
15:44 of 1st period - Snap shot by Michael Rasmussen.
15:44 of 1st period - Stopped by Karel Vejmelka with a rebound.
15:46 of 1st period - Snap shot by Michael Rasmussen.
15:46 of 1st period - Stopped by Karel Vejmelka without a rebound.
15:47 of 1st period - Ryan McLeod wins face-off versus William Karlsson in Edmonton Oilers zone.
15:53 of 1st period - Off-side.
15:54 of 1st period - William Karlsson wins face-off versus Adrian Kempe in neutral zone.
16:25 of 1st period - Jacob Trouba is hit by Niko Mikkola and loses puck.
16:32 of 1st period - Wrist shot by Ryan Nugent-Hopkins.
16:32 of 1st period - Deflect By Valeri Nichushkin.
16:32 of 1st period - Stopped by Karel Vejmelka without a rebound.
16:33 of 1st period - Brock Nelson wins face-off versus Connor McMichael in Edmonton Oilers zone.
17:55 of 1st period - Snap shot by Valeri Nichushkin.
17:55 of 1st period - Stopped by Karel Vejmelka without a rebound.
17:56 of 1st period - Ryan McLeod wins face-off versus Brock Nelson in Edmonton Oilers zone.
18:01 of 1st period - Matt Roy is hit by Jacob Trouba and loses puck.
18:10 of 1st period - Slapshot by Kirill Marchenko.
18:10 of 1st period - Stopped by Logan Thompson with a rebound.
18:12 of 1st period - Wrist shot by Kirill Marchenko.
18:12 of 1st period - Stopped by Logan Thompson without a rebound.
18:13 of 1st period - William Karlsson wins face-off versus Connor McMichael in Minnesota North Stars zone.
18:18 of 1st period - Snap shot by William Karlsson.
18:18 of 1st period - Stopped by Karel Vejmelka with a rebound.
18:38 of 1st period - Frank Vatrano is hit by Brandon Carlo and loses puck.
18:47 of 1st period - Snap shot by Jonathan Marchessault.
18:47 of 1st period - Shot Blocked by Brandon Carlo.
18:49 of 1st period - Wrist shot by William Karlsson.
18:49 of 1st period - Stopped by Karel Vejmelka without a rebound.
18:50 of 1st period - Brock Nelson wins face-off versus Brock Boeser in Edmonton Oilers zone.
18:51 of 1st period - Snap shot by Jack Hughes.
18:51 of 1st period - Stopped by Karel Vejmelka with a rebound.
Goals for this period are 2 for Edmonton Oilers vs 0 for Minnesota North Stars.
Shots for this period are 11 for Edmonton Oilers vs 15 for Minnesota North Stars.

2nd period


0:01 of 2nd period - Connor McMichael wins face-off versus William Eklund in neutral zone.
0:08 of 2nd period - Wrist shot by Brock Boeser.
0:08 of 2nd period - Shot Misses the Net.
0:19 of 2nd period - Niko Mikkola is hit by Connor McMichael and loses puck.
1:02 of 2nd period - Wrist shot by Jack Hughes.
1:02 of 2nd period - Deflect By William Eklund.
1:02 of 2nd period - Shot Blocked by David Savard.
1:02 of 2nd period - Puck is out of play.
1:03 of 2nd period - Ryan McLeod wins face-off versus William Karlsson in Edmonton Oilers zone.
1:03 of 2nd period - Ryan McLeod is hit by Matt Roy.
1:11 of 2nd period - Jonathan Marchessault is hit by Kirill Marchenko and loses puck.
1:36 of 2nd period - Slapshot by Tanner Jeannot.
1:36 of 2nd period - Stopped by Logan Thompson with a rebound.
1:38 of 2nd period - Slapshot by Scott Mayfield.
1:38 of 2nd period - Shot Blocked by Rasmus Dahlin.
1:40 of 2nd period - Snap shot by Tanner Jeannot.
1:40 of 2nd period - Stopped by Logan Thompson with a rebound.
1:42 of 2nd period - Wrist shot by Derek Ryan.
1:42 of 2nd period - Shot Misses the Net.
1:52 of 2nd period - Valeri Nichushkin is hit by Dawson Mercer.
2:00 of 2nd period - Slapshot by Boone Jenner.
2:00 of 2nd period - Shot Misses the Net.
2:02 of 2nd period - Slapshot by Brandon Carlo.
2:02 of 2nd period - Shot Misses the Net.
2:10 of 2nd period - Wrist shot by Kent Johnson.
2:10 of 2nd period - Shot Blocked by Kirill Marchenko.
2:18 of 2nd period - Ryan Nugent-Hopkins is hit by Adrian Kempe and loses puck.
3:01 of 2nd period - Wrist shot by Jake DeBrusk.
3:01 of 2nd period - Stopped by Logan Thompson without a rebound.
3:02 of 2nd period - Connor McMichael wins face-off versus Brock Nelson in Minnesota North Stars zone.
3:08 of 2nd period - Off-side.
3:09 of 2nd period - Brock Nelson wins face-off versus Ryan McLeod in neutral zone.
3:22 of 2nd period - Slapshot by Adrian Kempe.
3:22 of 2nd period - Stopped by Logan Thompson with a rebound.
3:40 of 2nd period - Wrist shot by William Eklund.
3:40 of 2nd period - Stopped by Karel Vejmelka without a rebound.
3:41 of 2nd period - William Karlsson wins face-off versus Boone Jenner in Edmonton Oilers zone.
3:56 of 2nd period - Snap shot by Jonathan Marchessault.
3:56 of 2nd period - Shot Blocked by Jacob Trouba.
5:25 of 2nd period - Off-side.
5:26 of 2nd period - Brock Nelson wins face-off versus Ryan McLeod in neutral zone.
5:43 of 2nd period - Slapshot by Jack Hughes.
5:43 of 2nd period - Shot Misses the Net.
5:49 of 2nd period - Minor Penalty to Troy Stecher for Roughing.
5:50 of 2nd period - Brock Nelson wins face-off versus Ryan McLeod in Edmonton Oilers zone.
5:55 of 2nd period - Snap shot by Valeri Nichushkin.
5:55 of 2nd period - Deflect By Brock Nelson.
5:55 of 2nd period - Shot Misses the Net.
5:55 of 2nd period - Puck is out of play.
5:56 of 2nd period - Brock Nelson wins face-off versus Ryan McLeod in Edmonton Oilers zone.
7:49 of 2nd period - Penalty to Troy Stecher is over, Troy Stecher is back on ice.
8:04 of 2nd period - Troy Stecher is hit by Gustav Forsling and loses puck.
8:34 of 2nd period - Snap shot by Tanner Jeannot.
8:34 of 2nd period - Stopped by Logan Thompson with a rebound.
9:10 of 2nd period - Erik Cernak is hit by Connor McMichael and loses puck.
9:25 of 2nd period - Snap shot by Jack Hughes.
9:25 of 2nd period - Stopped by Karel Vejmelka with a rebound.
9:27 of 2nd period - Wrist shot by Brock Nelson.
9:27 of 2nd period - Stopped by Karel Vejmelka with a rebound.
9:29 of 2nd period - Slapshot by William Eklund.
9:29 of 2nd period - Shot Misses the Net.
9:31 of 2nd period - Snap shot by Niko Mikkola.
9:31 of 2nd period - Shot Misses the Net.
9:59 of 2nd period - Slapshot by Brock Boeser.
9:59 of 2nd period - Shot Misses the Net.
10:47 of 2nd period - Dylan Holloway is hit by Jack Hughes and loses puck.
11:04 of 2nd period - Ryan Nugent-Hopkins is hit by Kirill Marchenko and loses puck.
11:11 of 2nd period - Troy Stecher is hit by Neal Pionk and loses puck.
11:31 of 2nd period - Off-side.
11:32 of 2nd period - Connor McMichael wins face-off versus Michael Rasmussen in neutral zone.
11:37 of 2nd period - Slapshot by Brock Boeser.
11:37 of 2nd period - Shot Blocked by Michael Rasmussen.
11:43 of 2nd period - Wrist shot by Jake DeBrusk.
11:43 of 2nd period - Shot Misses the Net.
11:45 of 2nd period - Slapshot by Brandon Carlo.
11:45 of 2nd period - Deflect By Brock Boeser.
11:45 of 2nd period - Shot Misses the Net.
11:45 of 2nd period - Puck is out of play.
11:46 of 2nd period - William Karlsson wins face-off versus Boone Jenner in Minnesota North Stars zone.
11:55 of 2nd period - Slapshot by Jonathan Marchessault.
11:55 of 2nd period - Shot Misses the Net.
12:13 of 2nd period - Evan Bouchard is hit by William Eklund and loses puck.
13:28 of 2nd period - Wrist shot by Boone Jenner.
13:28 of 2nd period - Shot Blocked by Jonathan Marchessault.
13:38 of 2nd period - Slapshot by Connor McMichael.
13:38 of 2nd period - Stopped by Logan Thompson without a rebound.
13:39 of 2nd period - Ryan McLeod wins face-off versus Brock Nelson in Minnesota North Stars zone.
13:43 of 2nd period - Minor Penalty to Jack Hughes for Boarding.
13:44 of 2nd period - Adrian Kempe wins face-off versus Brock Nelson in Minnesota North Stars zone.
14:00 of 2nd period - Slapshot by Kirill Marchenko.
14:00 of 2nd period - Stopped by Logan Thompson without a rebound.
14:01 of 2nd period - Brock Nelson wins face-off versus Connor McMichael in Minnesota North Stars zone.
14:31 of 2nd period - Wrist shot by Adrian Kempe.
14:31 of 2nd period - Shot Misses the Net.
14:33 of 2nd period - Snap shot by Ryan McLeod.
14:33 of 2nd period - Deflect By Adrian Kempe.
14:33 of 2nd period - Shot Blocked by Gustav Forsling.
14:33 of 2nd period - Puck is out of play.
14:34 of 2nd period - Brock Nelson wins face-off versus Connor McMichael in Minnesota North Stars zone.
15:15 of 2nd period - Minor Penalty to Frank Vatrano for Delaying the game.
15:16 of 2nd period - Ryan Nugent-Hopkins wins face-off versus Connor McMichael in Minnesota North Stars zone.
15:27 of 2nd period - Snap shot by Evan Bouchard.
15:27 of 2nd period - Deflect By Jake DeBrusk.
15:27 of 2nd period - Shot Misses the Net.
15:27 of 2nd period - Puck is out of play.
15:28 of 2nd period - William Karlsson wins face-off versus Ryan McLeod in Minnesota North Stars zone.
15:43 of 2nd period - Penalty to Jack Hughes is over, Jack Hughes is back on ice.
16:26 of 2nd period - Wrist shot by Brock Nelson.
16:26 of 2nd period - Goal by Brock Nelson - Edmonton Oilers : 2 - Minnesota North Stars : 1.
16:27 of 2nd period - Brock Nelson wins face-off versus Connor McMichael in neutral zone.
16:41 of 2nd period - Wrist shot by Connor McMichael.
16:41 of 2nd period - Shot Blocked by Neal Pionk.
17:14 of 2nd period - Minor Penalty to David Savard for Roughing.
17:15 of 2nd period - Penalty to Frank Vatrano is over, Frank Vatrano is back on ice.
17:15 of 2nd period - Brock Boeser wins face-off versus William Karlsson in Edmonton Oilers zone.
17:30 of 2nd period - Snap shot by Jonathan Marchessault.
17:30 of 2nd period - Shot Hit the Post.
17:32 of 2nd period - Slapshot by Rasmus Dahlin.
17:32 of 2nd period - Deflect By Jack Hughes.
17:32 of 2nd period - Stopped by Karel Vejmelka without a rebound.
17:33 of 2nd period - Brock Boeser wins face-off versus Brock Nelson in Edmonton Oilers zone.
18:48 of 2nd period - Jake DeBrusk is hit by Rasmus Dahlin and loses puck.
19:14 of 2nd period - Penalty to David Savard is over, David Savard is back on ice.
19:19 of 2nd period - Troy Stecher is hit by Ivan Barbashev and loses puck.
19:26 of 2nd period - Wrist shot by Michael Rasmussen.
19:26 of 2nd period - Stopped by Karel Vejmelka with a rebound.
19:28 of 2nd period - Snap shot by Lawson Crouse.
19:28 of 2nd period - Stopped by Karel Vejmelka with a rebound.
19:30 of 2nd period - Slapshot by Michael Rasmussen.
19:30 of 2nd period - Shot Blocked by Troy Stecher.
19:46 of 2nd period - Snap shot by Boone Jenner.
19:46 of 2nd period - Stopped by Logan Thompson without a rebound.
19:47 of 2nd period - Michael Rasmussen wins face-off versus Morgan Barron in Minnesota North Stars zone.
Goals for this period are 0 for Edmonton Oilers vs 1 for Minnesota North Stars.
Shots for this period are 8 for Edmonton Oilers vs 7 for Minnesota North Stars.

3rd period


0:01 of 3rd period - William Karlsson wins face-off versus Connor McMichael in neutral zone.
1:33 of 3rd period - Tanner Jeannot is hit by Ivan Barbashev and loses puck.
2:44 of 3rd period - Snap shot by Brock Boeser.
2:44 of 3rd period - Shot Blocked by Matt Roy.
2:54 of 3rd period - Morgan Barron is hit by Lawson Crouse and loses puck.
3:01 of 3rd period - Slapshot by Ivan Barbashev.
3:01 of 3rd period - Stopped by Karel Vejmelka with a rebound.
3:03 of 3rd period - Slapshot by Matt Roy.
3:03 of 3rd period - Deflect By Lawson Crouse.
3:03 of 3rd period - Goal by Lawson Crouse - Edmonton Oilers : 2 - Minnesota North Stars : 2.
3:04 of 3rd period - William Karlsson wins face-off versus Ryan McLeod in neutral zone.
3:15 of 3rd period - Snap shot by Frank Vatrano.
3:15 of 3rd period - Shot Misses the Net.
3:17 of 3rd period - Wrist shot by Gustav Forsling.
3:17 of 3rd period - Stopped by Karel Vejmelka without a rebound.
3:18 of 3rd period - Connor McMichael wins face-off versus Brock Nelson in Edmonton Oilers zone.
3:31 of 3rd period - Snap shot by Jake DeBrusk.
3:31 of 3rd period - Stopped by Logan Thompson without a rebound.
3:32 of 3rd period - Ryan McLeod wins face-off versus William Karlsson in Minnesota North Stars zone.
3:45 of 3rd period - Slapshot by Neal Pionk.
3:45 of 3rd period - Shot Misses the Net.
3:47 of 3rd period - Wrist shot by William Karlsson.
3:47 of 3rd period - Stopped by Karel Vejmelka with a rebound.
4:10 of 3rd period - Snap shot by Brock Boeser.
4:10 of 3rd period - Shot Misses the Net.
4:24 of 3rd period - Jacob Trouba is hit by Kent Johnson and loses puck.
4:51 of 3rd period - Snap shot by Adrian Kempe.
4:51 of 3rd period - Shot Blocked by Erik Cernak.
4:53 of 3rd period - Wrist shot by Adrian Kempe.
4:53 of 3rd period - Shot Misses the Net.
4:55 of 3rd period - Slapshot by Jacob Trouba.
4:55 of 3rd period - Shot Misses the Net.
5:26 of 3rd period - Scott Mayfield is hit by Niko Mikkola and loses puck.
5:31 of 3rd period - Wrist shot by Ivan Barbashev.
5:31 of 3rd period - Deflect By Michael Rasmussen.
5:31 of 3rd period - Stopped by Karel Vejmelka with a rebound.
5:33 of 3rd period - Slapshot by Erik Cernak.
5:33 of 3rd period - Shot Misses the Net.
5:35 of 3rd period - Slapshot by Erik Cernak.
5:35 of 3rd period - Shot Misses the Net.
6:03 of 3rd period - Minor Penalty to Jack Hughes for Roughing.
6:04 of 3rd period - Ryan McLeod wins face-off versus Brock Nelson in Minnesota North Stars zone.
6:05 of 3rd period - Snap shot by Adrian Kempe.
6:05 of 3rd period - Shot Misses the Net.
6:07 of 3rd period - Wrist shot by Evan Bouchard.
6:07 of 3rd period - Shot Misses the Net.
6:31 of 3rd period - Wrist shot by Connor McMichael.
6:31 of 3rd period - Shot Misses the Net.
7:36 of 3rd period - Icing by Evan Bouchard.
7:37 of 3rd period - Ryan McLeod wins face-off versus Kent Johnson in Edmonton Oilers zone.
8:03 of 3rd period - Penalty to Jack Hughes is over, Jack Hughes is back on ice.
9:49 of 3rd period - Snap shot by Ivan Barbashev.
9:49 of 3rd period - Shot Misses the Net.
9:51 of 3rd period - Snap shot by Ivan Barbashev.
9:51 of 3rd period - Shot Blocked by Brock Boeser.
9:53 of 3rd period - Snap shot by Michael Rasmussen.
9:53 of 3rd period - Shot Misses the Net.
9:55 of 3rd period - Slapshot by Gustav Forsling.
9:55 of 3rd period - Shot Blocked by David Savard.
9:57 of 3rd period - Wrist shot by Lawson Crouse.
9:57 of 3rd period - Shot Misses the Net.
9:59 of 3rd period - Snap shot by Ivan Barbashev.
9:59 of 3rd period - Stopped by Karel Vejmelka with a rebound.
10:01 of 3rd period - Slapshot by Erik Cernak.
10:01 of 3rd period - Shot Misses the Net.
10:03 of 3rd period - Snap shot by Michael Rasmussen.
10:03 of 3rd period - Stopped by Karel Vejmelka without a rebound.
10:04 of 3rd period - William Karlsson wins face-off versus Ryan McLeod in Edmonton Oilers zone.
10:33 of 3rd period - Slapshot by Boone Jenner.
10:33 of 3rd period - Stopped by Logan Thompson without a rebound.
10:34 of 3rd period - Boone Jenner wins face-off versus Brock Nelson in Minnesota North Stars zone.
10:37 of 3rd period - Backhand shot by Dylan Holloway.
10:37 of 3rd period - Shot Misses the Net.
11:17 of 3rd period - Icing by Niko Mikkola.
11:18 of 3rd period - William Karlsson wins face-off versus Connor McMichael in Minnesota North Stars zone.
11:18 of 3rd period - William Karlsson is hit by Jake DeBrusk.
12:32 of 3rd period - Slapshot by Tanner Jeannot.
12:32 of 3rd period - Shot Misses the Net.
12:34 of 3rd period - Backhand shot by Troy Stecher.
12:34 of 3rd period - Shot Misses the Net.
12:41 of 3rd period - Icing by Niko Mikkola.
12:42 of 3rd period - Michael Rasmussen wins face-off versus Connor McMichael in Minnesota North Stars zone.
14:01 of 3rd period - Icing by Connor McMichael.
14:02 of 3rd period - Connor McMichael wins face-off versus Jonathan Marchessault in Edmonton Oilers zone.
14:13 of 3rd period - Snap shot by Jake DeBrusk.
14:13 of 3rd period - Stopped by Logan Thompson without a rebound.
14:14 of 3rd period - Ryan McLeod wins face-off versus William Karlsson in Minnesota North Stars zone.
15:09 of 3rd period - Brock Nelson is hit by Boone Jenner and loses puck.
15:31 of 3rd period - Michael Rasmussen is hit by Derek Ryan and loses puck.
15:42 of 3rd period - Slapshot by Lawson Crouse.
15:42 of 3rd period - Goal by Lawson Crouse - Edmonton Oilers : 2 - Minnesota North Stars : 3.
15:43 of 3rd period - William Karlsson wins face-off versus Boone Jenner in neutral zone.
15:51 of 3rd period - Snap shot by Frank Vatrano.
15:51 of 3rd period - Shot Misses the Net.
15:53 of 3rd period - Slapshot by Matt Roy.
15:53 of 3rd period - Stopped by Karel Vejmelka with a rebound.
15:55 of 3rd period - Wrist shot by William Karlsson.
15:55 of 3rd period - Deflect By Frank Vatrano.
15:55 of 3rd period - Shot Misses the Net.
15:55 of 3rd period - Puck is out of play.
15:56 of 3rd period - Dylan Holloway wins face-off versus William Karlsson in Edmonton Oilers zone.
16:55 of 3rd period - Wrist shot by Ryan Nugent-Hopkins.
16:55 of 3rd period - Stopped by Karel Vejmelka without a rebound.
16:56 of 3rd period - William Karlsson wins face-off versus Boone Jenner in Edmonton Oilers zone.
16:57 of 3rd period - Snap shot by Frank Vatrano.
16:57 of 3rd period - Shot Misses the Net.
16:59 of 3rd period - Snap shot by Jonathan Marchessault.
16:59 of 3rd period - Stopped by Karel Vejmelka with a rebound.
17:01 of 3rd period - Slapshot by William Karlsson.
17:01 of 3rd period - Stopped by Karel Vejmelka with a rebound.
17:03 of 3rd period - Snap shot by Jonathan Marchessault.
17:03 of 3rd period - Shot Blocked by Troy Stecher.
17:05 of 3rd period - Slapshot by Matt Roy.
17:05 of 3rd period - Stopped by Karel Vejmelka without a rebound.
17:06 of 3rd period - William Karlsson wins face-off versus Boone Jenner in Edmonton Oilers zone.
17:17 of 3rd period - Snap shot by Frank Vatrano.
17:17 of 3rd period - Stopped by Karel Vejmelka with a rebound.
17:19 of 3rd period - Slapshot by Matt Roy.
17:19 of 3rd period - Deflect By Frank Vatrano.
17:19 of 3rd period - Shot Misses the Net.
17:19 of 3rd period - Puck is out of play.
17:20 of 3rd period - Boone Jenner wins face-off versus William Karlsson in Edmonton Oilers zone.
17:28 of 3rd period - Slapshot by Scott Mayfield.
17:28 of 3rd period - Shot Misses the Net.
17:30 of 3rd period - Slapshot by Dylan Holloway.
17:30 of 3rd period - Shot Misses the Net.
17:32 of 3rd period - Wrist shot by Scott Mayfield.
17:32 of 3rd period - Shot Blocked by Jonathan Marchessault.
17:34 of 3rd period - Snap shot by Boone Jenner.
17:34 of 3rd period - Goal by Boone Jenner - Edmonton Oilers : 3 - Minnesota North Stars : 3.
17:35 of 3rd period - William Karlsson wins face-off versus Dylan Holloway in neutral zone.
17:40 of 3rd period - Snap shot by William Karlsson.
17:40 of 3rd period - Shot Blocked by Dylan Holloway.
17:46 of 3rd period - Wrist shot by Frank Vatrano.
17:46 of 3rd period - Shot Misses the Net.
17:48 of 3rd period - Wrist shot by Rasmus Dahlin.
17:48 of 3rd period - Shot Misses the Net.
17:50 of 3rd period - Snap shot by Jonathan Marchessault.
17:50 of 3rd period - Shot Misses the Net.
18:02 of 3rd period - Brock Nelson is hit by Brandon Carlo and loses puck.
18:11 of 3rd period - Wrist shot by Morgan Barron.
18:11 of 3rd period - Shot Misses the Net.
18:49 of 3rd period - Minor Penalty to Niko Mikkola for Slashing.
18:50 of 3rd period - Ryan McLeod wins face-off versus Brock Nelson in Minnesota North Stars zone.
18:57 of 3rd period - Wrist shot by Kirill Marchenko.
18:57 of 3rd period - Shot Blocked by Gustav Forsling.
18:59 of 3rd period - Slapshot by Evan Bouchard.
18:59 of 3rd period - Deflect By Kirill Marchenko.
18:59 of 3rd period - Stopped by Logan Thompson without a rebound.
19:00 of 3rd period - Ryan McLeod wins face-off versus Michael Rasmussen in Minnesota North Stars zone.
19:09 of 3rd period - Snap shot by Kirill Marchenko.
19:09 of 3rd period - Shot Blocked by Erik Cernak.
19:11 of 3rd period - Slapshot by David Savard.
19:11 of 3rd period - Stopped by Logan Thompson with a rebound.
19:13 of 3rd period - Snap shot by Ryan McLeod.
19:13 of 3rd period - Deflect By Adrian Kempe.
19:13 of 3rd period - Shot Misses the Net.
19:13 of 3rd period - Puck is out of play.
19:14 of 3rd period - Connor McMichael wins face-off versus William Karlsson in Minnesota North Stars zone.
19:29 of 3rd period - Snap shot by Jake DeBrusk.
19:29 of 3rd period - Stopped by Logan Thompson without a rebound.
19:30 of 3rd period - Ryan McLeod wins face-off versus Brock Nelson in Minnesota North Stars zone.
Goals for this period are 1 for Edmonton Oilers vs 2 for Minnesota North Stars.
Shots for this period are 7 for Edmonton Oilers vs 14 for Minnesota North Stars.

Overtime #1


0:01 of 1st overtime period - Ryan Nugent-Hopkins wins face-off versus Ryan McLeod in neutral zone.
0:14 of 1st overtime period - Snap shot by Ryan McLeod.
0:14 of 1st overtime period - Shot Misses the Net.
0:16 of 1st overtime period - Wrist shot by Kirill Marchenko.
0:16 of 1st overtime period - Shot Blocked by Erik Cernak.
0:49 of 1st overtime period - Penalty to Niko Mikkola is over, Niko Mikkola is back on ice.
1:03 of 1st overtime period - Slapshot by Gustav Forsling.
1:03 of 1st overtime period - Shot Misses the Net.
1:15 of 1st overtime period - Snap shot by Brock Nelson.
1:15 of 1st overtime period - Stopped by Karel Vejmelka without a rebound.
1:16 of 1st overtime period - Ryan McLeod wins face-off versus Ryan Nugent-Hopkins in Edmonton Oilers zone.
1:54 of 1st overtime period - Snap shot by Jack Hughes.
1:54 of 1st overtime period - Stopped by Karel Vejmelka with a rebound.
1:56 of 1st overtime period - Snap shot by Matt Roy.
1:56 of 1st overtime period - Shot Misses the Net.
1:58 of 1st overtime period - Snap shot by Brock Nelson.
1:58 of 1st overtime period - Shot Blocked by Brandon Carlo.
3:45 of 1st overtime period - David Savard is hit by Rasmus Dahlin and loses puck.
4:11 of 1st overtime period - Evan Bouchard is hit by Jack Hughes and loses puck.
4:15 of 1st overtime period - Icing by Evan Bouchard.
4:16 of 1st overtime period - Ryan Nugent-Hopkins wins face-off versus Dawson Mercer in Edmonton Oilers zone.
4:46 of 1st overtime period - Jacob Trouba is hit by Neal Pionk and loses puck.
Goals for this period are 0 for Edmonton Oilers vs 0 for Minnesota North Stars.
Shots for this period are 0 for Edmonton Oilers vs 2 for Minnesota North Stars.

ShootOut


5:00 of 1st overtime period - Round #1.
5:00 of 1st overtime period - Edmonton Oilers, Boone Jenner.
5:00 of 1st overtime period - Wrist shot by Boone Jenner.
5:00 of 1st overtime period - Stopped by Logan Thompson.
5:00 of 1st overtime period - Minnesota North Stars, Kent Johnson.
5:00 of 1st overtime period - Backhand shot by Kent Johnson.
5:00 of 1st overtime period - Stopped by Karel Vejmelka.
5:00 of 1st overtime period - Round #2.
5:00 of 1st overtime period - Edmonton Oilers, Kirill Marchenko.
5:00 of 1st overtime period - Snap shot by Kirill Marchenko.
5:00 of 1st overtime period - Stopped by Logan Thompson.
5:00 of 1st overtime period - Minnesota North Stars, Brock Nelson.
5:00 of 1st overtime period - Wrist shot by Brock Nelson.
5:00 of 1st overtime period - Shot Misses the Net.
5:00 of 1st overtime period - Round #3.
5:00 of 1st overtime period - Edmonton Oilers, Brock Boeser.
5:00 of 1st overtime period - Snap shot by Brock Boeser.
5:00 of 1st overtime period - Stopped by Logan Thompson.
5:00 of 1st overtime period - Minnesota North Stars, Valeri Nichushkin.
5:00 of 1st overtime period - Deke by Valeri Nichushkin.
5:00 of 1st overtime period - Goal by Valeri Nichushkin.